 Dungeon Crawl Stone Soup version 0.28.0 (webtiles) character file.

Game seed: 7572534288702119183

109 Morbidden the Sneak (level 4, -6/34 HPs)
             Began as a Demonspawn Brigand on Feb 7, 2022.
             Mangled by a water moccasin (7 damage)
             ... on level 3 of the Dungeon.
             The game lasted 00:03:35 (2010 turns).

Morbidden the Sneak (Demonspawn Brigand)            Turns: 2010, Time: 00:03:36

Health: -6/34      AC:  3    Str: 12    XL:     4   Next: 59%
Magic:  4/4        EV: 12    Int: 14    God:
Gold:   91         SH:  0    Dex: 14    Spells: 2/3 levels left

rFire   . . .      SeeInvis .   g - +2 short sword (protect)
rCold   . . .      Faith    .   (no shield)
rNeg    . . .      Spirit   .   b - +0 robe
rPois   .          Reflect  .   (no helmet)
rElec   .          Harm     .   c - +0 cloak
rCorr   .          Rampage  .   (no gloves)
Will    .....                   (no boots)
Stlth   +++.......              h - amulet of the acrobat
HPRegen 0.11/turn               (no ring)
MPRegen 0.18/turn               (no ring)

@: brilliant, lethally poisoned (-6 -> -12)
A: spiny 1, magic regeneration
a: no special abilities


You were on level 3 of the Dungeon.
You visited 1 branch of the dungeon, and saw 3 of its levels.

You collected 91 gold pieces.

Inventory:

Hand Weapons
 a - a +2 dagger
 g - a +2 short sword of protection (weapon)
Missiles
 d - 8 poisoned darts (quivered)
 e - 2 curare-tipped darts
Armour
 b - a +0 robe (worn)
 c - a +0 cloak (worn)
Jewellery
 h - an amulet of the acrobat (around neck)
Wands
 k - a wand of flame (19)
Scrolls
 i - a scroll of enchant weapon


   Skills:
 * Level 2.5 Fighting
 + Level 2.3 Short Blades
 * Level 2.2 Throwing
 * Level 1.6 Dodging
 + Level 4.4 Stealth
 * Level 0.4 Spellcasting
 * Level 0.4 Conjurations
 * Level 0.3 Fire Magic


You had 2 spell levels left.
You knew the following spells:

 Your Spells              Type           Power      Damage    Failure   Level
a - Foxfire               Conj/Fire      4%         2x1d4     24%         1

Your spell library contained the following spells:

 Spells                   Type           Power      Damage    Failure   Level
 Conjure Flame            Conj/Fire      1%         6-21      58%         3
 Dazzling Flash           Conj/Hex       2%         N/A       61%         3
 Inner Flame              Hex/Fire       1%         N/A       61%         3
 Flame Wave               Conj/Fire      1%         2d4       94%         4
 Iskenderun's Mystic Bla  Conj/Tloc      1%         2d3       95%         4
 Starburst                Conj/Fire      0%         6d3       100%        6


Dungeon Overview and Level Annotations

Branches:
Dungeon (3/15)

Altars:
Okawaru

Shops:
D:2 [


Innate Abilities, Weirdness & Mutations

You are partially covered in sharp spines.
You regenerate magic rapidly.


Message History

Okay, then.
As you read the scroll labelled WAIGGEIKIT, it crumbles to dust.
It is a scroll of amnesia.
Really abort (and waste the scroll)? [Y]es or [N]o only, please.
Really abort (and waste the scroll)?
Okay, then.
The water moccasin is struck by your spines.
The water moccasin bites you.
You are poisoned.
The water moccasin poisons you!
The gnoll hits you from afar with a +0 spear!
(D) Dungeon
Where to? (Enter - D:2 @ (x,y), ? - help)
Okay, then.
Unknown command.
Okay, then.
Unknown command.
Unknown command.
Unknown command.
It was a potion of brilliance.
You feel clever all of a sudden.
You feel very sick.
The water moccasin is struck by your spines.
The water moccasin completely misses you.
The gnoll hits you but does no damage. The water moccasin bites you!
* * * LOW HITPOINT WARNING * * *
* * * LOW HITPOINT WARNING * * *
You feel very sick.
* * * LOW HITPOINT WARNING * * *
You feel sick.
Unknown command.
Unknown command.
You miss the water moccasin.
The water moccasin is moderately wounded.
* * * LOW HITPOINT WARNING * * *
You feel sick.
The water moccasin is struck by your spines.
The water moccasin bites you!
You die...

.....#...##......................
.###...#.#######.######.########.
##......g....g# #.......##.
#.......l.g.gg# #..####.##.
#.###.#######l# #..# #....
.###.###.# #.# #.)# ####.
.........# #g# #..# #) ####.#####
#S# #..# #. #.# ##@##
###.<#######.
#(##########...###......>.....
#..................#....†.....
############...######.########
##.#######.# #.........#
###########


You could see a water moccasin, 4 gnolls and a frilled lizard.

Vanquished Creatures
  A hound (D:3)
  Terence (D:2)
  An adder (D:2)
  A worm (D:3)
  3 dart slugs
  5 endoplasms
  4 giant cockroaches
  4 goblins
  A hobgoblin (D:1)
  3 quokkas
  A ball python (D:1)
  5 bats
  3 frilled lizards
  2 kobolds
  2 rats
37 creatures vanquished.

Notes
Turn   | Place    | Note
-------+----------+-------------------------------------------
     0 | D:1      | Morbidden the Demonspawn Brigand began the quest for the
                  | Orb.
     0 | D:1      | Reached XP level 1. HP: 16/16 MP: 1/1
    54 | D:1      | Reached skill level 1 in Dodging
   499 | D:1      | Gained mutation: You regenerate magic rapidly. [demonic
                  | ancestry]
   499 | D:1      | Reached XP level 2. HP: 22/22 MP: 2/2
   850 | D:1      | Found a faded altar of an unknown god.
  1014 | D:1      | Reached skill level 4 in Stealth
  1206 | D:2      | Noticed Terence
  1219 | D:2      | Killed Terence
  1220 | D:2      | Gained mutation: You are partially covered in sharp spines.
                  | [demonic ancestry]
  1220 | D:2      | Reached XP level 3. HP: 8/28 MP: 3/3
  1446 | D:2      | Found Ecwealaika's Antique Armour Shop.
  1449 | D:2      | Found an iron altar of Okawaru.
  1456 | D:2      | Learned a level 1 spell: Foxfire
  1788 | D:2      | Reached XP level 4. HP: 34/34 MP: 4/4
  1979 | D:3      | Noticed a water moccasin
  2010 | D:3      | HP: 1/34 [poisoned by a water moccasin]
  2010 | D:3      | Mangled by a water moccasin

Illustrated notes

Levels and vault maps discovered:
D:1:      dpeg_arrival_line_fractal, layout_basic, ebering_ecumenical_altar_box,
          minmay_misc_feat_diagonals, hangedman_feature_mirror
D:2:      layout_basic, basic_altar, serial_shops, nicolae_shop_statue_plus,
          minmay_worlds_worst_comb, uniq_terence
D:3:      layout_loops_ring, minmay_fountain_box, kennysheep_generic_room_7

Skill      XL: |  1  2 |
---------------+-------+-----
Dodging        | 1 |  1.6
Throwing       | 2 |  2.2
Stealth        | 4 |  4.4
Short Blades   | 2 |  2.3
Fighting       | |  2.5
Spellcasting   | |  0.4
Conjurations   | |  0.4
Fire Magic     | |  0.3

Action                   |  1- 3 |  4- 6 || total
-------------------------+-------+-------++-------
Melee: Dagger            |    14 |       ||    14
       Short sword       |    38 |    16 ||    54
Throw: Dart              |     8 |       ||     8
  Use: Scroll            |       |     3 ||     3
       Potion            |       |     2 ||     2
 Stab: Sleeping          |    12 |     4 ||    16
Armor: Robe              |     9 |     4 ||    13
Dodge: Dodged            |    26 |    13 ||    39
